 Dungeon Crawl Stone Soup version 0.18-a0-1071-g9f02aef (webtiles) character file.

2478 Reinor the Spear-Bearer (level 9, -1/70 HPs)
             Began as a Minotaur Chaos Knight on Jan 13, 2016.
             Slain by a cyclops (27 damage)
             ... on level 6 of the Dungeon on Jan 14, 2016.
             The game lasted 00:44:00 (4943 turns).

Reinor the Spear-Bearer (Minotaur Chaos Knight)     Turns: 4943, Time: 00:44:00

Health: -1/70      AC:  7    Str: 18    XL:     9   Next: 27%
Magic:  11/11      EV: 11    Int:  9    God:    Xom [...*..]
Gold:   203        SH:  0    Dex: 12    Spells: 1 memorised, 5 levels left

rFire  . . .     SeeInvis +     A - +9 mace "Xaipedghioto" {chaos, rC+ MR+}
rCold  + . .     Gourm    .     b - +2 leather armour
rNeg   . . .     Faith    .     (no shield)
rPois  +         Spirit   .     (helmet restricted)
rElec  .         Dismiss  .     (no cloak)
rCorr  .         Reflect  .     (no gloves)
SustAt .         Harm     .     n - +1 pair of boots
MR     +....                    s - amulet of regeneration
Stlth  ++........               q - ring of see invisible
                                j - ring of poison resistance

@: somewhat resistant to hostile enchantments, unstealthy
A: retaliatory headbutt, horns 2, frail 1
a: Renounce Religion


You were on level 6 of the Dungeon.
You worshipped Xom.
You were a favourite toy of Xom.
You were not hungry.

You visited 1 branch of the dungeon, and saw 6 of its levels.
You also visited: Sewer.

You collected 203 gold pieces.

Inventory:

Hand Weapons
 a - a +1 spear of chaos
 A - the +9 mace "Xaipedghioto" (weapon) {chaos, rC+ MR+}
   (Xom gifted it to you on level 5 of the Dungeon)

   Each time it hits an enemy it has a different, random effect.
   It protects you from cold.
   It affects your resistance to hostile enchantments.
Missiles
 f - 29 poisoned bolts
Armour
 b - a +2 leather armour (worn)
 n - a +1 pair of boots (worn)
 F - a +0 leather armour of poison resistance
Magical Staves
 y - an uncursed staff of wizardry
Jewellery
 j - a ring of poison resistance (left hand)
 q - a ring of see invisible (right hand)
 s - an amulet of regeneration (around neck)
 B - an uncursed ring of magical power
 D - a +3 amulet of reflection {unknown}
Wands
 p - a wand of magic darts (20/48)
 z - a wand of cold (9/15)
Scrolls
 e - a scroll of teleportation
 g - 3 scrolls of blinking
 i - 6 scrolls of remove curse
 l - a scroll of enchant armour
 w - 2 scrolls of fear
Potions
 h - 3 potions of flight
 k - 4 potions of curing
 v - a potion of might
 C - a potion of heal wounds
Books
 x - the Disquisition on Bewitchment
   (You found it on level 5 of the Dungeon)

   Spells                             Type                      Level
   a - Tukima's Dance                 Hexes                        3
   b - Fulminant Prism                Conjuration/Hexes            4
   c - Summon Mana Viper              Hexes/Summoning              5
   d - Discord                        Hexes                        8
Comestibles
 c - 2 bread rations
 d - 3 beef jerkies
 o - 3 meat rations
 r - 8 fruits
 u - 4 chunks of flesh


   Skills:
 - Level 6.4 Fighting
 + Level 2.6(2.7) Maces & Flails
 - Level 10.0 Polearms
 - Level 1.0(6.6) Staves
 - Level 2.4 Armour
 - Level 1.1 Dodging
 - Level 5.1 Stealth
 - Level 0.6 Hexes
 - Level 5.1 Evocations


You had 5 spell levels left.
You knew the following spells:

 Your Spells              Type           Power        Failure   Level  Hunger
a - Tukima's Dance        Hex            #.......     93%         3    ####...


Dungeon Overview and Level Annotations

Branches:
Dungeon (6/15)             Temple (0/1) D:4

Altars:
Elyvilon
Fedhas
Gozag
Okawaru
Ru
Trog
The Shining One

Shops:
D:4 (


Innate Abilities, Weirdness & Mutations

You reflexively headbutt those who attack you in melee.
You have a pair of horns on your head.
You are frail (-10% HP).


Message History

The cyclops is moderately wounded.
The cyclops hits you!
The gnoll shouts!
You hit the cyclops but do no damage.
The cyclops goes berserk!
Xom is highly amused!
The cyclops is moderately wounded.
The cyclops closely misses you.
You sock the cyclops!
There is a sudden explosion of sparks!
The cyclops is severely wounded.
The cyclops hits you!! The cyclops misses you.
The gnoll shouts! x2
You hear a shout!
You hear Xom's maniacal laughter.
The gnoll's spear dances into the air!
You hit the cyclops.
The cyclops is poisoned.
You headbutt the cyclops, but do no damage.
The cyclops is severely wounded.
Something hits the gnoll.
The cyclops hits you!
You feel a bit more experienced. The cyclops hits you!!
You die...
Xom is highly amused!

##..#......#*, , ,
* #.####...###**,,
** * , ### #..## **
* *,, #..# , , ,
#..# * *,,, #..# *
...,,* #..# *##gg,,
#..# #.... * #.@#
#....### #.C#
......#. #.g##
#.......g.
#...####...........
#..................
#....g.............
#..................
##.....ggg.........
##................


You could see a cyclops (berserk) and a gnoll shaman.

Vanquished Creatures
  A hill giant (D:5)
  A wyvern (D:5)
  Menkaure (D:5)
  A wolf (D:4)
  The ghost of Reinor the Changer, an amateur OpTm (D:3)
  A water moccasin (D:5)
  A black bear (D:6)
  A sky beast (D:6)
  An ogre (D:5)
  A centaur (D:5)
  A big kobold (Sewer)
  A crimson imp (D:5)
  2 orc priests
  3 hounds
  5 orc wizards
  Crazy Yiuf (D:5)
  2 jellies (D:5)
  Natasha (thrice) (D:2)
  An iguana (D:5)
  A hell rat (D:5)
  7 worker ants
  2 hound skeletons
  13 adders
  A gnoll (D:3)
  4 river rats (Sewer)
  A shadow imp (D:5)
  2 oozes
  An adder skeleton (D:4)
  2 worms (D:2)
  A giant gecko (D:4)
  An orc (shapeshifter) (D:3)
  19 orcs
  4 ball pythons
  4 bats
  6 giant cockroaches
  5 goblins
  4 hobgoblins
  13 jackals
  2 quokkas (D:2)
  A giant gecko skeleton (D:4)
  A giant newt (D:1)
  2 goblin skeletons (D:5)
  A hobgoblin zombie (D:5)
  A jackal zombie (D:6)
  5 kobolds
  A kobold zombie (D:5)
  An orc skeleton (D:5)
  An orc zombie (D:5)
  A quokka skeleton (D:5)
  6 rats
  A fungus (D:5)
144 creatures vanquished.

Vanquished Creatures (collateral kills)
  A hound (D:5)
  3 gnolls
  A giant newt (D:3)
5 creatures vanquished.

Grand Total: 149 creatures vanquished

Notes
Turn   | Place    | Note
--------------------------------------------------------------
     0 | D:1      | Reinor the Minotaur Chaos Knight began the quest for the Orb.
     0 | D:1      | Reached XP level 1. HP: 19/19 MP: 0/0
   110 | D:1      | XOM: divination: detect creatures
   113 | D:1      | Reached skill level 4 in Polearms
   130 | D:1      | Reached XP level 2. HP: 19/26 MP: 1/1
   481 | D:1      | XOM: silly message
   507 | D:1      | XOM: medium Hex miscast
   536 | D:2      | XOM: mild Conj miscast
   556 | D:2      | XOM: god gift: 12 poisoned bolts
   618 | D:2      | Reached skill level 5 in Polearms
   674 | D:2      | Reached XP level 3. HP: 26/31 MP: 2/2
   676 | D:2      | XOM: medium Chrm miscast
   701 | D:2      | Found an iron altar of Okawaru.
   704 | D:2      | Found a blossoming altar of Fedhas.
   707 | D:2      | Found a bloodstained altar of Trog.
   898 | D:2      | XOM: mild Hex miscast
   922 | D:2      | XOM: confusion (+ monsters)
  1007 | D:2      | Noticed Natasha
  1026 | D:2      | Killed Natasha
  1046 | D:2      | Reached XP level 4. HP: 26/39 MP: 3/3
  1064 | D:2      | XOM: harmless Tloc miscast
  1093 | D:2      | Reached skill level 6 in Polearms
  1100 | D:2      | XOM is BORED!
  1100 | D:2      | XOM: noise
  1180 | D:2      | Noticed Natasha
  1188 | D:2      | XOM: potion effect (might)
  1190 | D:2      | Killed Natasha
  1190 | D:2      | Reached skill level 1 in Stealth
  1354 | D:2      | Noticed Natasha
  1356 | D:2      | Killed Natasha
  1400 | D:2      | Reached XP level 5. HP: 40/45 MP: 4/4
  1404 | D:2      | XOM: smoke on damage
  1434 | D:3      | XOM: harmless Pois miscast
  1442 | D:3      | XOM: blink monster(s)
  1491 | D:3      | XOM: confusion (+ monsters)
  1745 | D:3      | XOM: silly message
  1853 | D:3      | Noticed Reinor's ghost (amateur OpTm)
  1857 | D:3      | XOM: divination: detect creatures
  1873 | D:3      | XOM: enchant monster (bad)
  1879 | D:3      | Killed Reinor's ghost
  1879 | D:3      | Reached XP level 6. HP: 37/51 MP: 5/5
  1900 | D:3      | Gained mutation: You are frail (-10% HP). [mutagenic meat]
  1907 | D:3      | Found an opulent altar of Gozag.
  1946 | D:3      | XOM: harmless Air miscast
  2137 | D:4      | Found a staircase to the Ecumenical Temple.
  2162 | D:4      | Reached skill level 5 in Stealth
  2217 | D:4      | Found Plog's Weapon Shoppe.
  2319 | D:4      | XOM: mild Trmt miscast
  2339 | D:4      | Found a glowing drain.
  2370 | D:4      | XOM: enchant monster (bad)
  2378 | D:4      | Reached XP level 7. HP: 18/54 MP: 6/6
  2553 | Sewer    | Entered a sewer
  2625 | Sewer    | XOM: noise
  2643 | Sewer    | Reached skill level 5 in Fighting
  2661 | Sewer    | Found a white marble altar of Elyvilon.
  2984 | D:4      | Noticed a wolf
  2984 | D:4      | an orc priest changed into a wolf
  2984 | D:4      | XOM: polymorph orc priest -> wolf
  2990 | D:4      | XOM: mild Ice miscast
  2993 | D:4      | Killed a wolf
  3085 | D:4      | Reached skill level 1 in Evocations
  3200 | D:5      | Entered Level 5 of the Dungeon
  3231 | D:5      | Found a large runed door.
  3231 | D:5      | Found a large runed door.
  3247 | D:5      | XOM: mild Summ miscast
  3262 | D:5      | Found a large runed door.
  3262 | D:5      | Found a large runed door.
  3289 | D:5      | Identified the Disquisition on Bewitchment
  3296 | D:5      | Learned a level 3 spell: Tukima's Dance
  3343 | D:5      | Upgraded the game from 0.18-a0-1070-gd466a24 to 0.18-a0-1071-g9f02aef
  3424 | D:5      | Noticed Crazy Yiuf
  3434 | D:5      | Killed Crazy Yiuf
  3434 | D:5      | Reached skill level 1 in Staves
  3434 | D:5      | Reached XP level 8. HP: 56/63 MP: 7/9
  3506 | D:5      | Found a glowing golden altar of the Shining One.
  3553 | D:5      | Noticed Menkaure
  3564 | D:5      | Killed Menkaure
  3564 | D:5      | XOM: summons 3 hostile shadow creatures
  3741 | D:5      | XOM: chaos upgrade
  3750 | D:5      | XOM: confusion
  3754 | D:5      | XOM: summons 2 friendly demons
  4044 | D:5      | XOM: potion effect (curing)
  4047 | D:5      | Reached skill level 5 in Evocations
  4177 | D:5      | XOM: god gift: scorched mace {god gift}
  4178 | D:5      | Got a scorched mace {god gift}
  4179 | D:5      | Identified the +9 mace "Xaipedghioto" {chaos, rC+ MR+} (Xom gifted it to you on level 5 of the Dungeon)
  4247 | D:5      | Reached skill level 7 in Polearms
  4383 | D:5      | Found a white marble altar of Elyvilon.
  4437 | D:5      | Noticed a hill giant
  4442 | D:5      | XOM: butterfly on damage
  4444 | D:5      | XOM: butterfly on damage
  4454 | D:5      | XOM: enchant monster (good)
  4478 | D:5      | XOM: colour smoke trail
  4489 | D:5      | Killed a hill giant
  4489 | D:5      | Reached skill level 9 in Polearms
  4489 | D:5      | Reached XP level 9. HP: 33/70 MP: 11/11
  4584 | D:6      | Found a sacrificial altar of Ru.
  4597 | D:6      | Reached skill level 10 in Polearms
  4643 | D:6      | Reached skill level 1 in Maces & Flails
  4718 | D:6      | Noticed a cyclops
  4721 | D:6      | XOM: blink monster(s)
  4826 | D:6      | XOM: divination: magic mapping
  4943 | D:6      | Slain by a cyclops

Vault maps used:
D:1:      eino_arrival_water_cross, moated_statue
D:2:      grunt_temple_overflow_diamond, uniq_natasha
D:3:      nicolae_gozag_cash_rules_everything_around_me
D:4:      minmay_temple_entry_trees, gup_sewer_entry_glass, serial_shops, shop
D:5:      nicolae_tso_besieged_by_evil, lemuel_round_altar, first_bread,
          minmay_hollow_rounded_squares, uniq_menkaure, uniq_crazy_yiuf_cottage
D:6:      nicolae_ru_awakened_eye, grunt_ministairs_9,
          hangedman_abyss_or_decor_lesser_grid
Sewer:    sewer_kobolds

Action                   |  1- 3 |  4- 6 |  7- 9 || total
-------------------------+-------+-------+-------++-------
Melee: Spear             |    90 |   157 |   244 ||   491
       Mace              |       |       |    49 ||    49
  Use: Scroll            |     6 |     4 |     6 ||    16
       Potion            |       |     3 |     5 ||     8
 Stab: Paralysed         |     1 |     2 |     3 ||     6
       Sleeping          |       |     3 |    10 ||    13
       Confused          |       |       |     4 ||     4
       Petrifying        |       |       |     2 ||     2
       Distracted        |       |       |     1 ||     1
  Eat: Chunk             |       |     5 |     8 ||    13
       Fruit             |       |       |     2 ||     2
